 Dungeon Crawl Stone Soup version 0.26-a0-784-g51bffae0b1 (webtiles) character file.

Game seed: 10963986644546977027

116 Kinoniko the Slasher (level 5, -1/35 HPs)
             Began as a Halfling Gladiator on Nov 10, 2020.
             Slain by Sigmund
             ... wielding a +0 scythe
              (7 damage)
             ... on level 2 of the Dungeon.
             The game lasted 00:01:58 (2116 turns).

Kinoniko the Slasher (Halfling Gladiator)           Turns: 2116, Time: 00:01:59

Health: -1/35      AC:  4    Str: 15    XL:     5   Next: 21%
Magic:  5/5        EV: 16    Int:  6    God:
Gold:   94         SH:  0    Dex: 17    Spells: 4/4 levels left

rFire    . . .     SeeInvis .   a - +0 long sword
rCold    . . .     Faith    .   (shield restricted)
rNeg     . . .     Spirit   .   b - +0 leather armour
rPois    .         Reflect  .   c - +0 helmet
rElec    .         Harm     .   (no cloak)
rCorr    .         Rampage  .   (no gloves)
MR       .....                  (no boots)
Stlth    +.........             (no amulet)
HPRegen  0.11/turn              (no ring)
MPRegen  0.09/turn              (no ring)

@: berserk cooldown, slowed, very slow
A: small, mutation resistance 1
a: no special abilities


You were on level 2 of the Dungeon.
You visited 1 branch of the dungeon, and saw 2 of its levels.

You collected 94 gold pieces.

Inventory:

Hand Weapons
 a - a +0 long sword (weapon)
Missiles
 d - 3 throwing nets (quivered)
Armour
 b - a +0 leather armour (worn)
 c - a +0 helmet (worn)
Jewellery
 k - a cursed +6 ring of dexterity {unknown}
Scrolls
 e - a scroll of teleportation {unknown}
 f - 3 scrolls of remove curse {unknown}
 j - a scroll of blinking {unknown}
 l - a scroll of enchant armour {unknown}
 m - 2 scrolls of fog {unknown}
Potions
 h - a potion of curing {unknown}
 i - a potion of degeneration {unknown}


   Skills:
 + Level 2.6 Fighting
 * Level 4.5 Long Blades
 - Level 2.0 Throwing
 + Level 4.1 Dodging


You had 4 spell levels left.
You didn't know any spells.
Your spell library was empty.

Dungeon Overview and Level Annotations

Branches:
Dungeon (2/15)

Altars:
Ashenzari

Annotations:
D:2 Sigmund


Innate Abilities, Weirdness & Mutations

You are small and have problems with some larger weapons.
You are somewhat resistant to further mutation.


Message History

No target in view!
No target in view!
No target in view!
No target in view!
No target in view!
Unknown command.
A bat comes into view.
Things that are here:
a +0 club; a hobgoblin corpse You barely miss something.
You miss something.
You are no longer berserk.
You are exhausted.
You feel yourself slow down. Something hits you!
You barely miss something. Something hits you!
You barely miss something. Something hits you!
* * * LOW HITPOINT WARNING * * *
Unknown command.
You barely miss something. Something closely misses you. Something hits you!
You die...

##......#
#......# ##.....#
#.>#### ##.# #.#
#####.#####
#....)..†.#
#......##@#
#......##{#
#......##b#
########....?....
#.........
#.?....$..
#.........
#.........
#.......(.


You could see a bat.

Vanquished Creatures
  Terence (D:2)
  3 adders (D:2)
  A gnoll (D:1)
  3 dart slugs (D:1)
  3 leopard geckos (D:1)
  7 bats
  A giant cockroach (D:1)
  5 goblins
  6 hobgoblins
  A ball python (D:2)
  3 frilled lizards (D:1)
  8 kobolds
  7 rats
49 creatures vanquished.

Notes
Turn   | Place    | Note
-------+----------+-------------------------------------------
     0 | D:1      | Kinoniko the Halfling Gladiator began the quest for the
                  | Orb.
     0 | D:1      | Reached XP level 1. HP: 14/14 MP: 1/1
   302 | D:1      | Reached XP level 2. HP: 19/19 MP: 2/2
  1058 | D:1      | Reached XP level 3. HP: 24/24 MP: 3/3
  1562 | D:1      | Reached XP level 4. HP: 29/29 MP: 4/4
  1921 | D:2      | Noticed Terence
  1948 | D:2      | Killed Terence
  2051 | D:2      | Found a broken altar of Ashenzari.
  2069 | D:2      | Reached XP level 5. HP: 34/35 MP: 5/5
  2091 | D:2      | Noticed Sigmund
  2116 | D:2      | Slain by Sigmund

Illustrated notes

Levels and vault maps discovered:
D:1:      minmay_arrival_semitransparent, layout_loops_corners
D:2:      layout_basic, ashenzari_altar_1, uniq_terence, uniq_sigmund

Skill      XL: |  1  2  3  4 |
---------------+-------------+-----
Fighting       | 2 |  2.6
Long Blades    | 4 |  4.5
Dodging        | 4 |  4.1
Throwing       | |  2.0

Action                   |  1- 3 |  4- 6 || total
-------------------------+-------+-------++-------
Melee: Long sword        |    93 |    60 ||   153
  Use: Potion            |       |     1 ||     1
 Stab: Sleeping          |       |     1 ||     1
Armor: Leather armour    |    13 |     8 ||    21
Dodge: Dodged            |    87 |    65 ||   152
       Rpst.: Long sword |    31 |    20 ||    51

Table legend: (Time is in decaauts)
 A = Elapsed time spent in this place.
 B = Non-inter-level travel time spent in this place.
 C = Inter-level travel time spent in this place.
 D = Time resting spent in this place.
 E = Time spent auto-exploring this place.
 F = Levels seen in this place.
 G = Mean time per level.
                   A        B        C        D        E       F      G
               +--------+--------+--------+--------+--------+-----+--------+
         Total |   2145 |   2126 |     19 |    507 |   1266 |   2 | 1072.5 |
       Dungeon |   2145 |   2126 |     19 |    507 |   1266 |   2 | 1072.5 |
               +--------+--------+--------+--------+--------+-----+--------+

Top non-repeatable levels by time:
     D:1: 1823 daAuts
     D:2: 322 daAuts
